Map: Lost and Found LE

Players

soO - Winner!

  • Race: Zerg Zerg
  • League: Master
  • Spawn Location: 7:00

DeMusliM

  • Race: Terran Terran
  • League: Master
  • Spawn Location: 1:00

Event: HomeStory Cup XVII

VOD

Have the link to the VOD?

Description

Time

  • Played on: June 29, 2018, 11:56 a.m.
  • Length: 7:07

All games in this series

Show
View Real Time Build Order
Export as new Build Order

soO Zerg - Winner!

Build Orders: Pool First, Roach Nydus 

Get SALT Encoding   

  12  0:00  Drone  
  13  0:12  Overlord  
  13  0:16  Drone  
  14  0:30  Drone x2  
  14  0:34  Drone  
  17  0:47  Spawning Pool, Drone  
  17  1:06  Hatchery  
  17  1:09  Drone  
  17  1:13  Drone  
  18  1:23  Extractor  
  17  1:33  Queen  
  17  1:34  Zergling x4  
  21  1:40  Overlord  
  21  1:49  Drone  
  22  2:05  Drone  
  22  2:07  Roach Warren  
  21  2:09  Queen  
  21  2:11  Drone  
  21  2:14  Extractor  
  23  2:26  Overlord  
  23  2:47  Roach x4  
  23  2:50  Drone x2  
  33  2:54  Overlord  
  33  3:06  Overlord  
  33  3:10  Ravager x2  
  35  3:15  Ravager  
  36  3:28  Ravager  
  37  3:34  Drone x2  
  37  3:36  Roach  
  37  3:38  Roach  
  42  3:51  Roach  
  42  3:52  Roach  
  46  4:04  Lair  
  46  4:08  Drone  
  47  4:11  Overlord  
  47  4:26  Overlord  
  47  4:50  Roach  
  47  4:52  Drone  
  50  4:53  Drone  
  50  4:54  Drone  
  50  4:55  Overlord  
  50  4:57  Hatchery  
  51  5:02  Roach  
  51  5:03  Roach  
  51  5:06  Nydus Network  
  54  5:11  Roach  
  56  5:28  Roach  
  56  5:29  Overlord, Roach  
  60  5:38  Overlord  
  60  5:43  Nydus Canal  
  60  5:47  Roach  
  62  5:52  Roach x2  
  62  5:55  Overseer  
  62  6:08  Roach x2  
  56  6:12  Roach x2  
  56  6:17  Roach  
  56  6:27  Queen  
  52  6:37  Drone x2  
  49  6:45  Drone  
  49  6:50  Drone x2  
  49  6:53  Drone  
Show
View Real Time Build Order
Export as new Build Order

DeMusliM Terran 

Build Orders:  

Get SALT Encoding   

  12  0:00  SCV  
  13  0:12  SCV  
  14  0:18  Supply Depot  
  14  0:24  SCV  
  15  0:40  Barracks  
  15  0:59  Barracks  
  15  1:05  Barracks  
  15  1:08  SCV  
  16  1:27  Orbital Command, Marine  
  17  1:44  Supply Depot  
  17  1:45  Marine  
  17  1:46  Marine  
  19  1:52  Marine  
  20  2:03  Marine  
  20  2:05  Marine  
  22  2:10  Bunker  
  22  2:14  Supply Depot  
  22  2:16  Bunker  
  22  2:18  Marine  
  23  2:23  Marine  
  23  2:26  Marine  
  23  2:28  SCV  
  26  2:36  Marine  
  27  2:40  SCV  
  27  2:41  Marine  
  28  2:47  Marine  
  28  2:57  SCV  
  29  3:07  Refinery x2  
  29  3:09  SCV  
  30  3:21  SCV  
  31  3:33  SCV  
  31  3:45  SCV  
  32  3:55  Factory  
  32  3:57  SCV  
  33  4:09  SCV  
  34  4:15  Bunker  
  34  4:21  SCV  
  35  4:27  Marine  
  35  4:30  Supply Depot  
  36  4:34  SCV  
  37  4:39  Starport, Marine, Factory Tech Lab  
  38  4:47  Marine  
  38  4:48  Marine  
  38  4:49  SCV  
  38  4:50  Bunker  
  35  4:58  Siege Tank  
  38  5:08  SCV  
  39  5:16  Command Center  
  39  5:20  SCV  
  39  5:32  Barracks Tech Lab, SCV  
  40  5:38  Banshee  
  43  5:44  SCV  
  44  5:54  Cyclone  
  47  6:02  Marine  
  47  6:04  Marine, SCV  
  47  6:10  Marine  
  37  6:16  SCV  
  13  6:32  SCV  
  7  6:44  SCV  
Tags
 
Add a new tag
Caveats
  • Supply blocks, unpowered buildings, or Contaminate may cause inaccurate times.
  • Supply counts are checked every 10 seconds.